 Dungeon Crawl Stone Soup version 0.21.1-1-g345015f (webtiles) character file.

1211 nightchill the Cleaver (level 8, -5/67 HPs)
             Began as a Formicid Fighter on Mar 27, 2018.
             Was an Initiate of Ru.
             Slain by a two-headed ogre
             ... wielding a +0 giant club
              (7 damage)
             ... on level 5 of the Dungeon.
             The game lasted 00:15:11 (4253 turns).

nightchill the Cleaver (Formicid Fighter)           Turns: 4253, Time: 00:15:11

Health: -5/67      AC: 12    Str: 23    XL:     8   Next: 74%
Magic:  8/8        EV:  4    Int:  8    God:    Ru [......]
Gold:   114        SH: 10    Dex: 10    Spells: 7/7 levels left

rFire    . . .     SeeInvis +   a - +1 war axe
rCold    . . .     Gourm    .   c - +1 shield
rNeg     . . .     Faith    .   n - +0 plate armour
rPois    .         Spirit   .   (helmet unavailable)
rElec    .         Reflect  .   r - scarf {cloud immunity}
rCorr    .         Harm     .   t - +0 pair of gloves
MR       .....                  (no boots)
Stlth    ..........             (no amulet)
HPRegen  0.21/turn              (no ring)
MPRegen  0.11/turn              (no ring)

@: no status effects
A: permanent stasis, dig shafts and tunnels, four strong arms, antennae 3
a: Dig, Shaft Self, Renounce Religion


You were on level 5 of the Dungeon.
You worshipped Ru.
Ru was noncommittal.
You were hungry.

You visited 2 branches of the dungeon, and saw 6 of its levels.

You collected 114 gold pieces.

Inventory:

Hand Weapons
 a - a +1 war axe (weapon)
Missiles
 e - 113 stones (quivered)
Armour
 b - a +0 scale mail
 c - a +1 shield (worn)
 n - a +0 plate armour (worn)
 r - a scarf of cloud immunity (worn)
 t - a +0 pair of gloves (worn)
Wands
 s - a wand of acid (9)
Scrolls
 h - 9 scrolls of identify
 j - 3 scrolls of enchant weapon
 m - a scroll of amnesia
 q - 2 scrolls of teleportation
Potions
 g - a potion of curing {unknown}
 l - a potion of cancellation {unknown}
 o - 3 potions of brilliance
Comestibles
 f - 13 rations


   Skills:
 + Level 7.0 Fighting
 * Level 8.3 Axes
 - Level 3.2 Armour
 - Level 3.6 Shields


You had 7 spell levels left.
You didn't know any spells.

Dungeon Overview and Level Annotations

Branches:
Dungeon (5/15)             Temple (1/1) D:5

Altars:
Dithmenos
Hepliaklqana
Kikubaaqudgha
Qazlal
Ru
Trog
Uskayaw
Wu Jian
The Shining One


Innate Abilities, Weirdness & Mutations

You cannot be hasted, slowed, berserked, paralysed or teleported.
You can dig through walls and to a lower floor.
Your four strong arms can wield two-handed weapons with a shield.
You have a pair of large antennae on your head. (SInv)


Message History

The two-headed ogre hits you with a giant club!!
You block the two-headed ogre's attack.
Your shield and plate armour prevent you from hitting the two-headed ogre.
The two-headed ogre is moderately wounded.
The two-headed ogre hits you but does no damage.
You block the two-headed ogre's attack.
You hit the two-headed ogre.
The two-headed ogre is heavily wounded.
The two-headed ogre hits you with a giant club!
The two-headed ogre hits you but does no damage.
You completely miss the two-headed ogre.
The two-headed ogre is moderately wounded.
The two-headed ogre hits you with a giant club!!
* * * LOW HITPOINT WARNING * * *
The two-headed ogre hits you with a giant spiked club!
* * * LOW HITPOINT WARNING * * *
You hit the two-headed ogre.
The two-headed ogre is heavily wounded.
The two-headed ogre hits you with a giant club!
You die...

#.....#
#####.#
#.# #.#
#.# #.#
#<# #.#
#@# #O#
#.# #.#
#.# #.#
######.#
#.O....#
#.######


You could see a two-headed ogre.

Vanquished Creatures
  Grinder (D:5)
  The ghost of buskinjo the Charmwright, an amateur GnSk (D:3)
  An ogre (D:4)
  A centaur (D:5)
  Blork the orc (D:4)
  4 crimson imps (D:5)
  A hound (D:4)
  3 orc wizards
  An orc priest (D:3)
  Jessica (D:3)
  Natasha (D:2)
  Terence (D:2)
  A worker ant (D:4)
  Robin (D:2)
  3 gnolls (D:2)
  6 adders
  3 oozes (D:1)
  3 adder skeletons (D:4)
  An adder zombie (D:5)
  5 worms
  5 dart slugs
  4 leopard geckos
  11 orcs
  3 ball pythons
  7 bats
  4 giant cockroaches
  6 goblins
  15 hobgoblins
  10 jackals
  9 kobolds
  5 quokkas
  2 frilled lizards (D:3)
  9 rats
130 creatures vanquished.

Notes
Turn   | Place    | Note
-------+----------+-------------------------------------------
     0 | D:1      | nightchill the Formicid Fighter began the quest for the Orb.
     0 | D:1      | Reached XP level 1. HP: 18/18 MP: 1/1
    74 | D:1      | Reached XP level 2. HP: 23/24 MP: 2/2
   350 | D:1      | Reached XP level 3. HP: 25/30 MP: 3/3
   351 | D:1      | Reached skill level 3 in Axes
  1141 | D:2      | Noticed Robin
  1148 | D:2      | Reached XP level 4. HP: 37/37 MP: 4/4
  1177 | D:2      | Killed Robin
  1390 | D:2      | Reached skill level 4 in Axes
  1491 | D:2      | Reached XP level 5. HP: 42/42 MP: 5/5
  1624 | D:2      | Found a hazy altar of Hepliaklqana.
  1866 | D:2      | Noticed Terence
  1868 | D:2      | Noticed Natasha
  1873 | D:2      | Killed Terence
  1875 | D:2      | Killed Natasha
  1875 | D:2      | Reached skill level 5 in Axes
  1875 | D:2      | Reached XP level 6. HP: 42/49 MP: 6/6
  2231 | D:3      | Reached skill level 5 in Fighting
  2316 | D:3      | Found a stormy altar of Qazlal.
  2365 | D:3      | Noticed Jessica
  2379 | D:3      | Killed Jessica
  2482 | D:3      | Noticed buskinjo's ghost (amateur GnSk)
  2498 | D:3      | Killed buskinjo's ghost
  2498 | D:3      | Reached skill level 6 in Axes
  2498 | D:3      | Reached XP level 7. HP: 56/56 MP: 7/7
  2967 | D:4      | Found a bloodstained altar of Trog.
  2996 | D:4      | Noticed Blork the orc
  3013 | D:4      | Killed Blork the orc
  3483 | D:4      | Reached skill level 7 in Axes
  3483 | D:4      | Reached XP level 8. HP: 61/64 MP: 8/8
  3735 | D:5      | Entered Level 5 of the Dungeon
  3819 | D:5      | Found a staircase to the Ecumenical Temple.
  3821 | D:5      | Noticed Grinder
  3829 | Temple   | Entered the Ecumenical Temple
  3838 | Temple   | Became a worshipper of Ru the Awakened
  3882 | D:5      | Killed Grinder
  3882 | D:5      | Reached skill level 8 in Axes
  4222 | D:5      | Noticed a two-headed ogre
  4252 | D:5      | HP: 2/67 [two-headed ogre/giant club (15)]
  4253 | D:5      | Slain by a two-headed ogre

Skill      XL: |  1  2  3  4  5  6  7  8 |
---------------+-------------------------+-----
Axes           | 3 4 5 6 7 8 |  8.3
Fighting       | 4 5 6 7 |  7.0
Armour         | |  3.2
Shields        | |  3.6

Action                   |  1- 3 |  4- 6 |  7- 9 || total
-------------------------+-------+-------+-------++-------
Melee: War axe           |    83 |   187 |   175 ||   445
Throw: Stone             |       |       |     1 ||     1
 Abil: Dig               |     2 |     2 |     2 ||     6
  Use: Potion            |       |     1 |       ||     1
       Scroll            |       |       |     6 ||     6
  Eat: Chunk             |       |     6 |     6 ||    12
Armor: Scale mail        |    25 |    19 |       ||    44
       Plate armour      |       |    87 |    79 ||   166
Dodge: Dodged            |    24 |    39 |    16 ||    79
Block: Shield            |    44 |    81 |    75 ||   200
